Map: Lightshade LE

Players

ViBE - Winner!

  • Race: Protoss Protoss
  • League: Silver
  • Spawn Location: 11:00

ravi

  • Race: Protoss Protoss
  • League: Master
  • Spawn Location: 5:00

VOD

https://youtu.be/Ft0Ze6bg0C0?list=PLFeZeom2b4DnD3FIu7pzkXl51JX_WWz2h&t=7751

Description

Aggressive harass ZEALOT + ADEPT Protoss player, transition into economic
Map: Lightshade LE

Time

  • Played on: March 18, 2021, 8:58 p.m.
  • Length: 27:50
Show
View Real Time Build Order
Export as new Build Order

ViBE Protoss - Winner!

Build Orders: 1 Gate Expand 

Get SALT Encoding   

  12  0:01  Probe  
  13  0:13  Probe  
  14  0:23  Pylon  
  14  0:25  Probe  
  15  0:41  Probe (Chrono Boost), Gateway  
  16  0:53  Probe (Chrono Boost)  
  16  0:54  Assimilator  
  17  0:58  Probe (Chrono Boost)  
  18  1:07  Probe  
  19  1:19  Probe  
  20  1:31  Probe  
  21  1:36  Nexus  
  21  1:41  Cybernetics Core  
  21  1:43  Probe  
  22  1:48  Assimilator  
  22  1:55  Probe  
  22  2:00  Pylon  
  23  2:18  Stalker, Probe (Chrono Boost), Warp Gate  
  26  2:26  Pylon  
  26  2:29  Probe (Chrono Boost)  
  27  2:33  Probe (Chrono Boost)  
  28  2:44  Robotics Facility  
  28  2:45  Gateway  
  28  2:49  Stalker  
  30  2:52  Probe  
  30  2:54  Probe  
  32  3:05  Shield Battery  
  28  3:19  Stalker, Probe  
  31  3:21  Probe  
  32  3:31  Probe  
  32  3:33  Probe  
  34  3:35  Immortal (Chrono Boost)  
  38  3:44  Probe  
  38  3:45  Probe  
  40  3:50  Pylon  
  40  3:56  Probe  
  41  4:20  Nexus  
  40  4:28  Probe  
  37  4:32  Observer  
  38  4:40  Probe  
  38  4:43  Pylon  
  39  5:01  Probe (Chrono Boost)  
  39  5:02  Pylon  
  40  5:13  Immortal, Probe (Chrono Boost)  
  45  5:21  Probe (Chrono Boost)  
  46  5:28  Probe (Chrono Boost)  
  46  5:33  Probe (Chrono Boost)  
  48  5:40  Stalker x2, Probe (Chrono Boost)  
  54  5:43  Probe (Chrono Boost)  
  54  5:45  Probe (Chrono Boost)  
  54  5:48  Probe (Chrono Boost)  
  55  5:56  Immortal  
  60  6:00  Probe x2  
  62  6:04  Pylon  
  62  6:12  Probe  
  62  6:13  Probe  
  64  6:22  Nexus  
  64  6:24  Pylon  
  64  6:27  Probe x2  
  64  6:31  Stalker  
  68  6:35  Stalker  
  68  6:39  Shield Battery  
  70  6:44  Probe x2  
  72  6:50  Immortal  
  75  7:02  Probe (Chrono Boost)  
  75  7:03  Probe (Chrono Boost)  
  70  7:14  Probe (Chrono Boost)  
  70  7:15  Stalker x2, Probe (Chrono Boost)  
  73  7:20  Probe (Chrono Boost)  
  73  7:21  Probe (Chrono Boost)  
  70  7:28  Probe  
  70  7:29  Probe  
  66  7:40  Probe (Chrono Boost)  
  66  7:42  Probe x2 (Chrono Boost)  
  64  7:51  Probe x3 (Chrono Boost)  
  63  7:55  Probe (Chrono Boost)  
  63  7:56  Probe  
  63  7:57  Probe  
  54  8:09  Probe (Chrono Boost)  
  54  8:12  Probe (Chrono Boost)  
  56  8:14  Probe (Chrono Boost)  
  56  8:18  Probe (Chrono Boost)  
  58  8:21  Probe (Chrono Boost)  
  58  8:22  Probe (Chrono Boost)  
  58  8:23  Stalker x2, Probe (Chrono Boost)  
  63  8:31  Probe  
  63  8:33  Probe  
  65  8:35  Probe  
  66  8:43  Probe (Chrono Boost)  
  66  8:46  Probe (Chrono Boost)  
  66  8:48  Probe (Chrono Boost)  
  69  8:55  Probe (Chrono Boost)  
  70  8:58  Probe (Chrono Boost)  
  70  8:59  Probe (Chrono Boost)  
  70  9:01  Stalker  
  70  9:02  Stalker, Probe (Chrono Boost)  
  76  9:03  Immortal, Probe (Chrono Boost)  
  76  9:04  Probe (Chrono Boost)  
  80  9:11  Probe  
  80  9:12  Probe  
  80  9:14  Probe  
  83  9:23  Probe  
  84  9:24  Probe (Chrono Boost)  
  84  9:27  Probe (Chrono Boost)  
  84  9:28  Sentry  
  88  9:36  Probe (Chrono Boost)  
  90  9:41  Probe (Chrono Boost)  
  90  9:42  Assimilator  
  90  9:44  Probe (Chrono Boost)  
  90  9:45  Probe (Chrono Boost), Assimilator  
  92  9:49  Probe (Chrono Boost)  
  92  9:50  Probe x2  
  95  9:59  Stalker, Probe  
  98  10:00  Stalker  
  98  10:02  Probe  
  98  10:05  Nexus  
  101  10:07  Pylon  
  101  10:09  Pylon  
  101  10:17  Pylon  
  101  10:20  Pylon  
  101  10:25  Probe x3  
  104  10:29  Stalker  
  104  10:30  Stalker  
  108  10:37  Probe x2 (Chrono Boost)  
  108  10:38  Probe (Chrono Boost)  
  111  10:48  Probe x3 (Chrono Boost)  
  114  10:50  Assimilator x2  
  114  10:52  Probe x2 (Chrono Boost)  
  114  10:53  Stalker, Probe (Chrono Boost)  
  114  10:54  Stalker  
  114  10:55  Immortal  
  125  11:03  Pylon, Probe x3  
  128  11:07  Pylon  
  128  11:14  Pylon  
  128  11:15  Probe x2  
  128  11:16  Probe  
  131  11:27  Probe x2  
  131  11:28  Probe  
  131  11:29  Probe  
  131  11:30  Stalker x2  
  139  11:36  Twilight Council  
  139  11:37  Forge  
  139  11:39  Immortal, Forge  
  143  11:42  Probe  
  143  11:43  Probe x3  
  147  11:47  Gateway  
  147  11:48  Gateway  
  147  11:50  Gateway  
  147  11:58  Probe x4  
  151  12:15  Stalker  
  151  12:17  Stalker  
  151  12:19  Probe x3  
  151  12:20  Probe  
  151  12:22  Nexus  
  159  12:23  Pylon  
  159  12:24  Assimilator  
  159  12:26  Pylon  
  159  12:27  Assimilator  
  159  12:35  Immortal  
  163  12:39  Pylon  
  163  12:42  Pylon  
  163  12:54  Stalker x2  
  163  12:57  Stalker x2  
  163  12:58  Stalker  
  173  13:01  Templar Archives  
  173  13:12  Forge  
  173  13:14  Forge  
  173  13:17  Immortal  
  175  13:20  Stalker x2  
  175  13:21  Stalker x3  
  175  13:26  Gateway  
  185  13:28  Gateway  
  185  13:30  Gateway  
  185  13:33  Gateway  
  185  13:36  Gateway  
  185  13:37  Probe x3  
  185  13:40  Protoss Ground Weapons Level 1 (Chrono Boost)  
  185  13:41  Protoss Shields Level 1 (Chrono Boost)  
  188  13:50  Stalker  
  188  13:51  Stalker x2  
  188  13:52  Stalker x2  
  198  14:09  Photon Cannon  
  198  14:11  Shield Battery  
  198  14:12  Photon Cannon  
  198  14:14  Photon Cannon  
  198  14:16  Shield Battery  
  198  14:18  Photon Cannon  
  198  14:23  Photon Cannon  
  198  14:25  Photon Cannon  
  198  14:26  Photon Cannon  
  198  14:27  Shield Battery  
  198  14:30  Photon Cannon  
  198  14:31  Pylon, Shield Battery  
  198  14:34  Photon Cannon  
  198  14:37  Photon Cannon  
  198  14:38  Shield Battery  
  198  14:48  Nexus  
  198  14:50  Pylon  
  198  14:53  Pylon  
  198  15:09  Gateway  
  198  15:11  Gateway  
  198  15:14  Gateway  
  198  15:16  Gateway  
  198  15:18  Robotics Facility  
  198  15:21  Gateway  
  194  15:23  Gateway  
  194  15:25  Gateway  
  194  15:27  Gateway  
  171  15:30  Stalker x2, Gateway  
  171  15:32  Gateway  
  171  15:33  High Templar x2  
  171  15:34  High Templar x5  
  171  15:35  High Templar  
  181  15:36  Immortal  
  181  15:39  Protoss Ground Weapons Level 2 (Chrono Boost), Protoss Shields Level 2 (Chrono Boost)  
  111  16:02  High Templar x2  
  113  16:09  High Templar x2  
  113  16:10  High Templar x2  
  113  16:11  High Templar x5  
  127  16:12  High Templar x2  
  127  16:16  High Templar  
  127  16:17  Archon x3  
  127  16:18  Archon x7  
  137  16:20  Archon  
  136  16:26  Assimilator x2  
  136  16:28  Probe  
  136  16:30  Stalker  
  136  16:31  Immortal  
  136  16:32  Immortal  
  147  16:38  Stalker x2  
  151  16:42  Stalker  
  151  16:44  Stalker  
  151  16:45  Stalker x5  
  151  16:46  Stalker x4  
  167  16:48  Stalker  
  143  17:11  Nexus  
  143  17:12  Pylon  
  143  17:13  Stalker x2  
  143  17:14  Stalker x4  
  143  17:15  Stalker x4, Pylon  
  145  17:16  Stalker x2  
  145  17:17  Stalker x2  
  133  17:31  Immortal x2, Protoss Shields Level 3 (Chrono Boost)  
  133  17:32  Protoss Ground Weapons Level 3 (Chrono Boost)  
  133  17:40  Stalker  
  133  17:41  Stalker x4  
  133  17:42  Stalker  
  133  17:43  Stalker  
  123  17:59  Stalker  
  123  18:00  Stalker  
  123  18:02  Stalker  
  113  18:16  Stalker x3  
  113  18:17  Stalker x2  
  113  18:18  Stalker  
  125  18:26  High Templar  
  125  18:27  High Templar  
  123  18:28  Stalker x3  
  123  18:30  Archon  
  119  18:37  Stalker x3  
  119  18:39  Stalker  
  127  18:41  Stalker  
  127  18:44  Stalker  
  121  18:52  Pylon, Immortal (Chrono Boost)  
  121  18:54  Immortal (Chrono Boost)  
  115  19:16  Stalker  
  115  19:17  Stalker x4  
  119  19:18  Stalker x4  
  119  19:20  High Templar x2  
  137  19:24  Immortal (Chrono Boost)  
  137  19:25  Archon  
  137  19:28  Immortal (Chrono Boost)  
  145  19:49  High Templar x2  
  145  19:51  Stalker x2  
  145  19:52  Stalker, Nexus  
  155  19:53  Pylon  
  155  19:56  Pylon  
  155  19:58  Immortal (Chrono Boost)  
  159  20:03  Immortal (Chrono Boost)  
  159  20:05  Protoss Ground Armor Level 1 (Chrono Boost)  
  163  20:11  Stalker  
  163  20:12  Stalker x2  
  163  20:13  Stalker  
  171  20:21  Assimilator  
  171  20:22  Assimilator  
  171  20:30  Immortal (Chrono Boost)  
  171  20:32  Immortal (Chrono Boost)  
  179  20:39  Stalker x3  
  179  20:40  Stalker x2  
  189  20:42  Archon  
  189  20:54  Stalker  
  189  20:55  Stalker x2  
  189  20:56  Stalker  
  197  21:03  Observer  
  197  21:04  Observer, Photon Cannon  
  199  21:06  Photon Cannon  
  199  21:07  Shield Battery  
  199  21:09  Photon Cannon  
  199  21:12  Photon Cannon  
  199  21:14  Shield Battery  
  199  21:24  High Templar  
  199  21:25  High Templar  
  199  21:28  Archon  
  185  21:53  Stalker x2  
  185  21:54  Stalker x4  
  171  21:55  Stalker x3  
  171  21:56  Stalker x3  
  171  21:57  Stalker x2  
  171  21:59  Immortal (Chrono Boost)  
  171  22:00  Immortal (Chrono Boost)  
  127  22:23  High Templar x3  
  127  22:24  High Templar x3  
  127  22:26  Stalker x3  
  127  22:27  Stalker x2  
  127  22:28  Archon  
  127  22:29  Immortal (Chrono Boost), Archon x2  
  149  22:30  Immortal (Chrono Boost)  
  149  22:32  Stalker x2  
  159  22:43  Stalker, Protoss Ground Armor Level 2 (Chrono Boost)  
  161  22:50  Stalker x4  
  161  22:51  Stalker  
  171  22:56  Stalker x4  
  179  23:03  Stalker x2  
  183  23:09  Immortal (Chrono Boost)  
  177  23:13  Immortal (Chrono Boost)  
  163  23:22  Assimilator x2  
  163  23:24  High Templar x2  
  163  23:26  Stalker x2  
  163  23:27  Stalker  
  163  23:28  Archon  
  159  23:36  Stalker x2  
  159  23:37  Stalker x2  
  159  23:40  Stalker  
  157  23:42  Stalker  
  157  23:46  Immortal (Chrono Boost)  
  157  23:52  Immortal (Chrono Boost)  
  155  23:59  Stalker  
  155  24:00  Stalker  
  155  24:02  High Templar x2  
  159  24:09  High Templar x2  
  157  24:15  Immortal (Chrono Boost)  
  161  24:19  Immortal (Chrono Boost)  
  161  24:22  Archon x2  
  165  24:25  Stalker x3  
  165  24:26  Stalker  
  165  24:28  Stalker  
  167  24:40  Immortal  
  167  24:43  Stalker  
  167  24:44  Stalker x2  
  167  24:45  Stalker x3  
  173  24:47  High Templar  
  173  24:48  High Templar  
  179  24:53  Protoss Ground Armor Level 3 (Chrono Boost)  
  183  25:02  Immortal  
  183  25:05  Archon  
  183  25:16  Stalker  
  183  25:17  Stalker x4  
  183  25:20  High Templar x2  
  193  25:24  Archon  
  193  25:48  Stalker x2  
  193  25:49  Stalker x3  
  183  25:50  Stalker x3  
  183  25:51  Stalker  
  183  25:52  Stalker x2, Immortal (Chrono Boost)  
  183  25:54  Immortal (Chrono Boost)  
  175  26:10  Stalker x3  
  181  26:11  Stalker  
  181  26:12  Stalker x2  
  181  26:14  Stalker  
  181  26:16  Stalker  
  179  26:30  Stalker x2  
  179  26:31  Stalker x3  
  179  26:32  Stalker  
  183  26:35  Immortal (Chrono Boost)  
  183  26:38  Immortal  
  177  27:07  Nexus  
  177  27:08  Pylon  
  177  27:12  Pylon  
  177  27:14  Assimilator  
  173  27:19  Assimilator  
  163  27:34  High Templar x3  
  163  27:35  High Templar x2  
  163  27:36  Nexus  
  173  27:37  High Templar  
  173  27:38  Pylon  
  173  27:40  Stalker  
  173  27:41  Stalker x3  
  173  27:42  Stalker x3, Pylon  
  189  27:44  Archon  
  189  27:45  Archon x2  
Show
View Real Time Build Order
Export as new Build Order

ravi Protoss 

Build Orders: Mass Adepts 

Get SALT Encoding   

  12  0:01  Probe (Chrono Boost)  
  13  0:11  Probe (Chrono Boost)  
  14  0:19  Pylon  
  14  0:30  Probe  
  15  0:38  Gateway  
  15  0:42  Probe  
  16  0:54  Probe  
  16  0:55  Gateway  
  17  1:06  Probe  
  17  1:07  Assimilator  
  18  1:19  Probe  
  19  1:27  Cybernetics Core  
  19  1:29  Zealot  
  21  1:34  Pylon  
  21  1:35  Probe  
  22  1:47  Probe  
  22  1:53  Zealot  
  25  1:54  Assimilator  
  25  1:59  Probe  
  26  2:07  Warp Gate  
  26  2:13  Adept  
  28  2:31  Probe  
  28  2:34  Adept  
  31  2:38  Pylon  
  31  2:56  Probe, Adept  
  34  3:04  Adept  
  36  3:13  Twilight Council  
  36  3:26  Adept  
  38  3:40  Pylon  
  38  3:45  Nexus  
  39  3:48  Probe  
  39  3:52  Resonating Glaives  
  39  3:58  Adept x2  
  39  4:28  Adept x2  
  33  4:52  Pylon  
  33  4:56  Probe  
  33  4:58  Probe, Adept x2  
  39  5:09  Probe (Chrono Boost), Assimilator  
  39  5:10  Probe (Chrono Boost)  
  43  5:22  Probe (Chrono Boost), Assimilator  
  43  5:25  Probe (Chrono Boost)  
  43  5:28  Probe (Chrono Boost), Adept x2 (Chrono Boost)  
  47  5:31  Forge  
  47  5:32  Probe  
  47  5:33  Robotics Facility  
  49  5:36  Probe  
  49  5:42  Charge  
  50  5:44  Probe  
  51  5:55  Probe, Adept x2 (Chrono Boost)  
  51  5:56  Probe  
  57  6:07  Probe, Protoss Ground Weapons Level 1  
  57  6:08  Probe  
  59  6:14  Pylon  
  59  6:18  Adept  
  61  6:19  Probe  
  61  6:20  Probe  
  61  6:22  Gateway  
  63  6:31  Probe  
  64  6:33  Probe, Adept  
  64  6:37  Observer  
  68  6:44  Probe  
  67  6:58  Warp Prism  
  51  8:42  Gateway  
  51  8:43  Gateway  
  51  8:45  Gateway  
  51  8:46  Gateway  
  51  8:48  Adept, Gateway  
  51  8:49  Adept x2  
  51  8:50  Gateway  
  51  8:52  Gateway  
  51  8:54  Gateway  
  57  9:02  Gateway  
  55  9:03  Gateway  
  55  9:05  Gateway  
  49  9:24  Pylon  
  49  9:26  Immortal  
  53  9:38  Stalker x4  
  61  9:48  Gateway  
  61  9:56  Nexus  
  61  9:58  Assimilator  
  61  10:02  Assimilator  
  61  10:05  Immortal  
  65  10:12  Pylon  
  65  10:15  Pylon  
  65  10:17  Pylon  
  65  10:18  Cybernetics Core  
  65  10:19  Pylon  
  65  10:22  Zealot x3  
  65  10:23  Zealot x7  
  85  10:28  Protoss Ground Armor Level 1  
  85  10:41  Zealot  
  85  10:42  Zealot x2  
  91  10:44  Immortal  
  91  10:47  Blink  
  95  11:13  Forge  
  95  11:20  Probe x3  
  95  11:24  Immortal  
  102  11:26  Stalker  
  102  11:32  Probe x3  
  107  11:44  Probe x2  
  107  11:46  Nexus  
  109  11:50  Assimilator  
  109  11:54  Probe, Assimilator  
  109  11:56  Probe  
  109  11:57  Pylon, Probe  
  109  11:58  Pylon  
  112  12:03  Protoss Ground Weapons Level 2, Immortal  
  112  12:07  Probe  
  117  12:10  Stalker x2  
  121  12:28  Probe  
  121  12:29  Probe x2  
  124  12:40  Probe  
  124  12:41  Probe x2  
  127  12:53  Probe x3  
  127  12:54  Protoss Ground Armor Level 2  
  127  12:56  Zealot x2  
  127  12:57  Zealot x4  
  127  12:58  Zealot x3  
  148  13:05  Probe x3  
  133  13:22  Robotics Bay  
  133  13:33  Templar Archives  
  133  13:36  Probe x4  
  133  13:41  Stalker x5  
  141  13:42  Stalker x4  
  141  13:48  Probe x2  
  157  13:49  Observer  
  158  14:09  Zealot x3  
  164  14:27  Psionic Storm  
  164  14:29  Pylon, Extended Thermal Lance  
  164  14:30  Observer  
  161  14:31  Pylon  
  161  14:34  Pylon  
  161  14:35  Stalker x2  
  161  14:37  Protoss Shields Level 1  
  161  14:38  Pylon  
  163  14:41  Pylon  
  163  14:45  Pylon  
  163  14:48  Pylon  
  163  14:57  High Templar x3, Pylon  
  163  14:58  High Templar x5, Pylon x2  
  163  14:59  High Templar x6  
  191  15:00  High Templar  
  193  15:09  Archon x5  
  193  15:10  Archon x2  
  191  15:27  Immortal  
  157  15:38  Stalker x2  
  157  15:39  Stalker x5  
  129  16:06  Immortal  
  129  16:09  Gravitic Boosters  
  129  16:10  Stalker  
  129  16:11  Stalker x4  
  137  16:12  Stalker x3  
  147  16:46  Immortal  
  134  17:01  Nexus  
  134  17:05  Nexus  
  118  17:09  High Templar  
  118  17:10  High Templar x6  
  118  17:11  High Templar x7  
  118  17:12  High Templar  
  140  17:17  Assimilator  
  140  17:18  Assimilator  
  140  17:19  Pylon  
  134  17:24  Archon x6  
  134  17:25  Immortal, Archon  
  122  17:58  Stalker x6  
  116  17:59  Stalker x4  
  116  18:00  Stalker x3  
  116  18:01  Stalker x2  
  116  18:04  Immortal  
  108  18:43  Immortal  
  108  18:46  Stalker x6  
  108  18:47  Stalker x6  
  108  18:48  Stalker  
  126  19:07  Stalker x2  
  130  19:18  Nexus  
  130  19:20  Probe, Assimilator  
  130  19:21  Probe x3  
  130  19:23  Immortal  
  138  19:25  Assimilator  
  138  19:27  Probe x2  
  138  19:29  Pylon  
  138  19:30  Pylon  
  140  19:33  Probe x4  
  140  19:37  Assimilator  
  144  19:39  Probe x2  
  144  19:41  Assimilator  
  144  19:45  Probe x2  
  148  20:01  Disruptor  
  148  20:03  Stalker x4  
  148  20:04  Stalker x5  
  148  20:05  Stalker x3  
  175  20:13  High Templar x2  
  175  20:14  High Templar  
  181  20:18  Archon  
  181  20:31  High Templar x2  
  181  20:32  High Templar x2  
  189  20:36  High Templar  
  189  20:37  Disruptor  
  189  20:39  Archon  
  189  20:40  Archon  
  189  20:42  Archon  
  194  21:05  Stalker x3  
  156  22:01  Disruptor  
  112  22:27  Pylon  
  112  22:28  Pylon  
  112  22:36  Disruptor  
  110  22:39  High Templar x4  
  110  22:40  High Templar x5  
  110  22:41  High Templar x6  
  143  22:44  Archon  
  143  22:45  Archon x3  
  143  22:46  Archon x3  
  138  23:13  Observer  
  138  23:15  Stalker x6  
  138  23:16  Stalker x4  
  138  23:17  Stalker x3  
  138  23:18  Stalker x2  
  128  23:34  Observer  
  128  23:36  Protoss Ground Armor Level 3  
  128  23:39  Protoss Shields Level 2  
  108  23:55  Disruptor, Sentry  
  97  23:56  Stalker x3  
  97  23:57  Stalker x6  
  97  23:58  Stalker x4  
  97  23:59  Stalker  
  95  24:23  Stalker  
  95  24:24  Stalker x6  
  92  24:25  Stalker x6  
  92  24:26  Stalker x2  
  92  24:30  Disruptor  
  118  24:49  Pylon  
  118  24:50  Pylon  
  118  24:51  Stalker x3  
  118  24:52  Stalker x5, Pylon  
  134  25:06  Disruptor  
  131  25:21  Stalker x2  
  131  25:22  Stalker x7  
  131  25:23  Stalker x4  
  131  25:24  Stalker  
  159  25:37  Assimilator  
  159  25:42  Immortal  
  109  26:08  Zealot x2  
  109  26:09  Zealot x5  
  109  26:10  Zealot x3  
  117  26:11  Zealot  
  115  26:22  Immortal  
  104  26:26  Probe  
  88  26:35  Stalker  
  88  26:36  Stalker x3  
  88  26:37  Stalker x6  
  88  26:38  Stalker x5, Probe  
  92  26:50  Probe  
  79  26:59  Stalker x2  
  79  27:00  Stalker x5  
  79  27:01  Stalker x4, Immortal  
  95  27:02  Stalker x4  
  61  27:34  Stalker x4  
  69  27:38  Zealot x3  
  69  27:39  Zealot x4  
  69  27:40  Zealot x3  
Tags
 
Composition
Mass Adepts
Matchup
PvP
Player
ViBE
Spawn Locations
Cross Positions
Add a new tag
Caveats
  • Supply blocks, unpowered buildings, or Contaminate may cause inaccurate times.
  • Supply counts are checked every 10 seconds.